 Dungeon Crawl Stone Soup version 0.27-a0-926-g0e6d9124c6 (webtiles) character file.

Game seed: 12695948590252331423

7 DarkShadow the Shield-Bearer (level 1, 0/20 HPs)
             Began as a Minotaur Fighter on Apr 10, 2021.
             Slain by a sky beast (5 damage)
             ... on level 2 of the Dungeon.
             The game lasted 00:00:20 (341 turns).

DarkShadow the Shield-Bearer (Minotaur Fighter)      Turns: 341, Time: 00:00:21

Health: 0/20       AC:  7    Str: 20    XL:     1   Next: 91%
Magic:  0/0        EV:  7    Int:  5    God:
Gold:   40         SH:  9    Dex:  9    Spells: 0/0 levels left

rFire    . . .     SeeInvis .   a - +0 war axe
rCold    . . .     Faith    .   c - +0 kite shield
rNeg     . . .     Spirit   .   b - +0 scale mail
rPois    .         Reflect  .   (helmet restricted)
rElec    .         Harm     .   (no cloak)
rCorr    .         Rampage  .   (no gloves)
Will     .....                  (no boots)
Stlth    ..........             (no amulet)
HPRegen  0.06/turn              (no ring)
MPRegen  0.07/turn              (no ring)

@: no status effects
A: horns 2, retaliatory headbutt
a: no special abilities


You were on level 2 of the Dungeon.
You visited 1 branch of the dungeon, and saw 2 of its levels.

You collected 40 gold pieces.

Inventory:

Hand Weapons
 a - a +0 war axe (weapon)
Armour
 b - a +0 scale mail (worn)
 c - a +0 kite shield (worn)
Scrolls
 e - a scroll of teleportation {unknown}
 f - a scroll of identify {unknown}
 g - a scroll of noise {unknown}
Potions
 d - a potion of might


   Skills:
 + Level 3.7 Fighting
 + Level 2.4 Axes
 + Level 3.8 Armour
 + Level 3.9 Shields


You couldn't memorise any spells.
You didn't know any spells.
Your spell library was empty.

Dungeon Overview and Level Annotations

Branches:
Dungeon (1/15)

Altars:


Innate Abilities, Weirdness & Mutations

You have a pair of horns on your head.
You reflexively headbutt those who attack you in melee.


Message History

Found a scroll labelled WOPHAUMATO.
The worm bites you!
You hit the worm but do no damage. The worm bites you.
You slash the worm! You headbutt the worm.
You kill the worm!
A rat comes into view.
You block the rat's attack. The rat bites you. You block the rat's attack.
Found a scroll labelled FAIWISUYLA.
You closely miss the rat. The rat bites you but does no damage.
You barely miss the rat. You headbutt the rat.
You kill the rat!
You start resting.
HP restored.
f - a scroll labelled WOPHAUMATO
g - a scroll labelled FAIWISUYLA A hobgoblin comes into view.
The hobgoblin shouts!
A sky beast comes into view.
You block the hobgoblin's attack.
You closely miss the hobgoblin. You headbutt the hobgoblin.
You kill the hobgoblin!
You hit the sky beast. Your headbutt misses the sky beast.
The sky beast is lightly wounded.
The sky beast flickers out of sight!
Deactivating autopickup; reactivate with Ctrl-A.
Something hits you but does no damage.
You barely miss something. Your headbutt misses something. Something hits you.
Something shocks you. Something hits you. Something shocks you.
* * * LOW HITPOINT WARNING * * *
You barely miss something. Your headbutt misses something.
Something hits you but does no damage.
You barely miss something. Something completely misses you.
Something hits you but does no damage.
Your shield prevents you from hitting something.
Something hits you.
* * * LOW HITPOINT WARNING * * *
Something shocks you.
You die...

##... #...# ### #...#
..##### #...# ......#
#...######
#.###.###........# .
#.##.............###....
................@{$.....
##.#.............####.##
##.##.###....###.#
......#..........#
##.####.#....##### #.#
#.#....# #.# .......#
... .#......# #.#..###.#


There were no monsters in sight!

Vanquished Creatures
  A worm (D:2)
  An endoplasm (D:1)
  A hobgoblin (D:2)
  A bat (D:1)
  A rat (D:2)
5 creatures vanquished.

Notes
Turn   | Place    | Note
-------+----------+-------------------------------------------
     0 | D:1      | DarkShadow the Minotaur Fighter began the quest for the
                  | Orb.
     0 | D:1      | Reached XP level 1. HP: 19/19 MP: 0/0
    35 | D:1      | Found a faded altar of an unknown god.
    85 | D:1      | You fall into a shaft and drop 1 floor!
   333 | D:2      | Noticed a sky beast
   341 | D:2      | Slain by a sky beast

Illustrated notes

Levels and vault maps discovered:
D:1:      lemuel_arrival_muddy, layout_basic,
          shapermc_ecumenical_altar_notcrosses, chequers_serial_rivers_small_b
D:2:      layout_loops_cross

Action                   || total
-------------------------++-------
Melee: War axe           ||    11
       Headbutt          ||     3
Armor: Scale mail        ||     7
Dodge: Dodged            ||     3
Block: Kite shield       ||     4

Table legend: (Time is in decaauts)
 A = Elapsed time spent in this place.
 B = Non-inter-level travel time spent in this place.
 C = Inter-level travel time spent in this place.
 D = Time resting spent in this place.
 E = Time spent auto-exploring this place.
 F = Levels seen in this place.
 G = Mean time per level.
                   A        B        C        D        E       F      G
               +--------+--------+--------+--------+--------+-----+--------+
         Total |    346 |    346 |      0 |    182 |    106 |   2 |  173.0 |
       Dungeon |    346 |    346 |      0 |    182 |    106 |   2 |  173.0 |
               +--------+--------+--------+--------+--------+-----+--------+

Top non-repeatable levels by time:
     D:2: 261 daAuts
     D:1: 85 daAuts
